 Dungeon Crawl Stone Soup version 0.28-a0-819-g6ef7baa362 (webtiles) character file.

Game seed: 10495251910981935531

543 Essalna the Firebug (level 7, -2/46 HPs)
             Began as a Demonspawn Fire Elementalist on Nov 8, 2021.
             Killed by nerve-wracking pain
             ... invoked by an orc priest
              (11 damage)
             ... on level 4 of the Dungeon.
             The game lasted 00:07:22 (4557 turns).

Essalna the Firebug (Demonspawn Fire Elementalist)  Turns: 4557, Time: 00:07:22

Health: -2/46      AC:  2    Str:  8    XL:     7   Next: 6%
Magic:  4/13       EV: 12    Int: 18    God:
Gold:   222        SH:  0    Dex: 18    Spells: 7/14 levels left

rFire   . . .      SeeInvis .   b - +2 dagger (venom)
rCold   . . .      Faith    .   (no shield)
rNeg    . . .      Spirit   .   a - +0 robe
rPois   .          Reflect  .   (no helmet)
rElec   .          Harm     .   (no cloak)
rCorr   .          Rampage  .   (no gloves)
Will    .....                   (no boots)
Stlth   ++++......              (no amulet)
HPRegen 0.15/turn               k - ring of wizardry
MPRegen 0.13/turn               (no ring)

@: studying Stealth
A: thin skeletal structure 2, foul stench 1, powered by pain 1
a: no special abilities


You were on level 4 of the Dungeon.
You visited 1 branch of the dungeon, and saw 4 of its levels.

You collected 222 gold pieces.

Inventory:

Hand Weapons
 b - a +2 dagger of venom (weapon)
Armour
 a - a +0 robe (worn)
Magical Staves
 e - a staff of cold
 i - a staff of air
 j - a staff of death
Jewellery
 k - a ring of wizardry (left hand)
Wands
 l - a wand of polymorph (8)
Scrolls
 c - a scroll of enchant weapon {unknown}
 d - 4 scrolls of identify {unknown}
Potions
 f - 3 potions of heal wounds {unknown}
 g - 2 potions of cancellation {unknown}
 h - 2 potions of curing {unknown}
 m - 2 potions of degeneration {unknown}


   Skills:
 - Level 1.7 Dodging
 - Level 1.7 Stealth
 + Level 4.3 Spellcasting
 + Level 4.3 Conjurations
 + Level 4.7 Fire Magic


You had 7 spell levels left.
You knew the following spells:

 Your Spells              Type           Power      Damage    Failure   Level
a - Foxfire               Conj/Fire      80%        2x1d8     1%          1
b - Scorch                Fire           40%        2d7       1%          2
c - Flame Wave            Conj/Fire      20%        3d6       9%          4

Your spell library contained the following spells:

 Spells                   Type           Power      Damage    Failure   Level
 Conjure Flame            Conj/Fire      20%        6-21      2%          3
 Inner Flame              Hex/Fire       12%        N/A       6%          3


Dungeon Overview and Level Annotations

Branches:
Dungeon (4/15)
 Temple: D:4-7

Altars:
Ru


Innate Abilities, Weirdness & Mutations

You have a moderately thin skeletal structure. (Dex +4, Stealth++)
You may rarely emit foul miasma when damaged in melee.
You sometimes gain a little power by taking damage.


Message History

Casting: Foxfire (safe; 1% risk of failure)
Confirm with . or Enter, or press ? or * to list all spells.
You conjure some foxfire!
The foxfire hits the orc priest.
The orc priest is lightly wounded.
The foxfire hits the orc priest but does no damage.
The orc priest is lightly wounded.
The orc priest closely misses you.
Casting: Foxfire (safe; 1% risk of failure)
Confirm with . or Enter, or press ? or * to list all spells.
You conjure some foxfire!
The foxfire hits the orc priest.
The orc priest is moderately wounded.
The foxfire hits the orc priest.
The orc priest is heavily wounded.
The orc priest mumbles some strange prayers to Beogh against you.
Beogh smites you!
Casting: Foxfire (safe; 1% risk of failure)
Confirm with . or Enter, or press ? or * to list all spells.
You conjure some foxfire!
The foxfire hits the orc priest.
The orc priest is severely wounded.
The foxfire hits the orc.
The orc is severely wounded.
The orc priest hits you with a +0 mace.
Casting: Foxfire (safe; 1% risk of failure)
Confirm with . or Enter, or press ? or * to list all spells.
You conjure some foxfire!
The foxfire hits the orc but does no damage.
The orc is severely wounded.
The orc hits you with a +0 whip. The orc priest hits you with a +0 mace.
* * * LOW HITPOINT WARNING * * *
Casting: Foxfire (safe; 1% risk of failure)
Confirm with . or Enter, or press ? or * to list all spells.
You conjure some foxfire!
The foxfire hits the orc.
You kill the orc!
The foxfire hits the adder skeleton!
The adder skeleton is heavily damaged.
The foxfire hits the adder skeleton.
You destroy the adder skeleton!
The orc priest calls down the wrath of Beogh upon you.
Pain shoots through your body!
You die...

#######
#.........######......
+$........#...........
#.........#...........
#.........#...........
#.........#...####+###
#.........#...##.....#
#.....§...#...........
#.).)@§...######..(...
#.).ovv........#......
..)..............#......
.................#....<.
............)....#......
...#########.....#......
... #.....####### ..
#.....#......
#.....#......


You could see an orc priest (ally target).

Vanquished Creatures
  Grinder (D:3)
  A water moccasin (D:3)
  Jessica (D:3)
  Natasha (thrice) (D:2)
  An orc wizard (D:4)
  A gnoll (D:2)
  A howler monkey skeleton (D:4)
  An adder skeleton (D:4)
  2 worms
  3 dart slugs
  5 orcs
  A bat skeleton (D:2)
  A bat zombie (D:2)
  6 endoplasms
  4 giant cockroaches
  9 hobgoblins
  6 jackals
  5 kobolds
  4 quokkas
  11 ball pythons
  A ball python skeleton (D:2)
  5 bats (D:1)
  5 frilled lizards
  10 goblins
  A jackal skeleton (D:2)
  6 rats
95 creatures vanquished.

Vanquished Creatures (others)
  392 foxfires
  4 fungi (D:1)
  3 toadstools (D:1)
  A withered plant (D:2)
400 creatures vanquished.

Grand Total: 495 creatures vanquished

Notes
Turn   | Place    | Note
-------+----------+-------------------------------------------
     0 | D:1      | Essalna the Demonspawn Fire Elementalist began the quest
                  | for the Orb.
     0 | D:1      | Reached XP level 1. HP: 13/13 MP: 3/3
   281 | D:1      | Gained mutation: You may rarely emit foul miasma when
                  | damaged in melee. [demonic ancestry]
   281 | D:1      | Reached XP level 2. HP: 7/19 MP: 0/5
   994 | D:1      | Gained mutation: You have a somewhat thin skeletal
                  | structure. (Dex +2, Stealth+) [demonic ancestry]
   994 | D:1      | Reached XP level 3. HP: 23/24 MP: 2/6
  2346 | D:2      | Noticed Natasha
  2352 | D:2      | Killed Natasha
  2353 | D:2      | Reached XP level 4. HP: 30/30 MP: 2/8
  2630 | D:2      | Noticed Natasha
  2634 | D:2      | Killed Natasha
  3007 | D:2      | Noticed Natasha
  3013 | D:2      | Killed Natasha
  3014 | D:2      | Gained mutation: You sometimes gain a little power by
                  | taking damage. [demonic ancestry]
  3014 | D:2      | Reached XP level 5. HP: 27/35 MP: 2/9
  3494 | D:3      | Learned a level 2 spell: Scorch
  3499 | D:3      | Learned a level 4 spell: Flame Wave
  3604 | D:3      | Found a sacrificial altar of Ru.
  3605 | D:3      | Noticed Grinder
  3616 | D:3      | Killed Grinder
  3617 | D:3      | Reached XP level 6. HP: 41/41 MP: 0/11
  3800 | D:3      | Noticed Jessica
  3805 | D:3      | Killed Jessica
  3980 | D:3      | Noticed a water moccasin
  3988 | D:3      | Killed a water moccasin
  4408 | D:4      | Gained mutation: You have a moderately thin skeletal
                  | structure. (Dex +4, Stealth++) [demonic ancestry]
  4408 | D:4      | Reached XP level 7. HP: 46/46 MP: 7/13
  4557 | D:4      | Killed from afar by an orc priest

Illustrated notes

Levels and vault maps discovered:
D:1:      scummos_arrival_forest, layout_basic, minmay_gold_behind_fungi,
          chequers_serial_rivers_room_a, minmay_large_rounded_square,
          minmay_cupped
D:2:      layout_basic, serial_undead, serial_undead_c, serial_undead_d,
          serial_undead_e, serial_undead_c, serial_undead_f,
          minmay_misc_feat_roman, minmay_three_crescents, uniq_natasha
D:3:      layout_rooms, mainiacjoe_overflow_boulevard, chequers_mini_garden,
          chequers_serial_rivers_micro_a, uniq_grinder, uniq_jessica
D:4:      layout_gridville, cheibrodos_worm_habitat, old_standard_altar,
          temple_green

Skill      XL: |  1  2  3  4  5  6 |
---------------+-------------------+-----
Fire Magic     | 3 4 |  4.7
Conjurations   | 2 3 4 |  4.3
Spellcasting   | 3 4 |  4.3
Dodging        | |  1.7
Stealth        | |  1.7

Action                   |  1- 3 |  4- 6 |  7- 9 || total
-------------------------+-------+-------+-------++-------
Melee: Dagger            |    37 |     6 |       ||    43
 Cast: Foxfire           |    89 |   111 |    24 ||   224
       Scorch            |       |     1 |       ||     1
 Stab: Sleeping          |     2 |       |       ||     2
Armor: Robe              |     7 |     1 |       ||     8
Dodge: Dodged            |    31 |     5 |     1 ||    37

Table legend: (Time is in decaauts)
 A = Elapsed time spent in this place.
 B = Non-inter-level travel time spent in this place.
 C = Inter-level travel time spent in this place.
 D = Time resting spent in this place.
 E = Time spent auto-exploring this place.
 F = Levels seen in this place.
 G = Mean time per level.
                   A        B        C        D        E       F      G
               +--------+--------+--------+--------+--------+-----+--------+
         Total |   4556 |   4353 |    203 |      0 |   3831 |   4 | 1139.0 |
       Dungeon |   4556 |   4353 |    203 |      0 |   3831 |   4 | 1139.0 |
               +--------+--------+--------+--------+--------+-----+--------+

Top non-repeatable levels by time:
     D:2: 1680 daAuts
     D:1: 1423 daAuts
     D:3: 1170 daAuts
     D:4: 281 daAuts
